 Dungeon Crawl Stone Soup version 0.29-a0-998-g1987434951 (webtiles) character file.

Game seed: 3678127175245518888

89 IdlyInterested the Cudgeller (level 4, 0/33 HPs)
             Began as a Demonspawn Gladiator on Aug 5, 2022.
             Slain by a gnoll
             ... wielding a +0 club
              (1 damage)
             ... on level 2 of the Dungeon.
             The game lasted 00:05:11 (2587 turns).

IdlyInterested the Cudgeller (Demonspawn Gladiator) Turns: 2587, Time: 00:05:11

Health: 0/33       AC: 11    Str: 17    XL:     4   Next: 31%
Magic:  0/5        EV: 11    Int:  9    God:
Gold:   80         SH:  0    Dex: 14    Spells: 5/5 levels left

rFire   . . .      SeeInvis .   a - +0 flail
rCold   . . .      Faith    .   (no shield)
rNeg    . . .      Spirit   +   k - +0 ring mail
rPois   .          Reflect  .   c - +0 helmet
rElec   .          Harm     .   (no cloak)
rCorr   .          Rampage  .   r - +1 pair of gloves
Will    .....                   (no boots)
Stlth   +.........              l - amulet of guardian spirit
HPRegen 0.11/turn               (no ring)
MPRegen 0.09/turn               (no ring)

@: no status effects
A: hooves 1, slimy green scales 2
a: no special abilities


You were on level 2 of the Dungeon.
You visited 1 branch of the dungeon, and saw 2 of its levels.

You collected 80 gold pieces.

Inventory:

Hand Weapons
 a - a +0 flail (weapon)
Missiles
 d - 3 throwing nets (quivered)
 e - a javelin
Armour
 b - a +0 leather armour
 c - a +0 helmet (worn)
 k - a +0 ring mail (worn)
 r - a +1 pair of gloves (worn)
Jewellery
 l - an amulet of guardian spirit (around neck)
Scrolls
 f - a scroll of vulnerability {unknown}
 g - a scroll of identify {unknown}
 h - a scroll of magic mapping {unknown}
 i - a scroll of teleportation {unknown}
 j - a scroll of blinking {unknown}
 n - a scroll of fog {unknown}
 p - a scroll of torment {unknown}
Potions
 m - a potion of degeneration {unknown}
 o - a potion of resistance {unknown}
 q - a potion of flight {unknown}


   Skills:
 - Level 2.0 Fighting
 * Level 4.2 Maces & Flails
 - Level 1.7 Throwing
 + Level 0.0 Armour
 - Level 2.6 Dodging
 - Level 1.0 Stealth
 - Level 1.0 Spellcasting
 - Level 1.0 Evocations


You had 5 spell levels left.
You didn't know any spells.
Your spell library contained the following spells:

 Spells                   Type           Power      Damage    Failure   Level
 Tukima's Dance           Hex            0%         N/A       90%         3
 Passage of Golubria      Tloc           0%         N/A       100%        4
 Yara's Violent Unravell  Hex/Tmut       0%         3d3       100%        5


Dungeon Overview and Level Annotations

Branches:
Dungeon (2/15)

Altars:

Shops:
D:1 [=[[


Innate Abilities, Weirdness & Mutations

You have large cloven feet.
You are mostly covered in slimy green scales. (AC +3)


Message History

The gnoll hits you but does no damage. The gnoll closely misses you. x2
You sock the gnoll! You kick the gnoll.
You kill the gnoll!
The gnoll misses you. The gnoll completely misses you.
The gnoll hits you with a +0 whip. The gnoll hits you with a +0 halberd!
The gnoll hits you but does no damage.
Things that are here:
a +0 club; a +0 short sword; a gnoll corpse You barely miss the gnoll.
You kick the gnoll.
The gnoll is moderately wounded.
The gnoll hits you but does no damage. The gnoll hits you with a +0 club.
The gnoll hits you with a +0 halberd.
You hit the gnoll. You kick the gnoll.
The gnoll is severely wounded.
The gnoll closely misses you. The gnoll hits you but does no damage.
The gnoll misses you.
You barely miss the gnoll.
The gnoll is severely wounded.
The gnoll barely misses you. The gnoll hits you but does no damage.
The gnoll closely misses you. The gnoll hits you with a +0 whip.
The gnoll hits you with a +0 halberd.
* * * LOW HITPOINT WARNING * * *
The gnoll misses you.
You hit the gnoll.
You kill the gnoll!
The gnoll closely misses you. The gnoll barely misses you.
Training target 1.0 for Stealth reached!
Your Stealth skill increases to level 1!
You hit the gnoll. You kick the gnoll. You punch the gnoll, but do no damage.
The gnoll is lightly wounded.
The gnoll hits you with a +0 whip.
* * * LOW HITPOINT WARNING * * *
The gnoll hits you but does no damage.
You closely miss the gnoll. You kick the gnoll.
The gnoll is heavily wounded.
The gnoll closely misses you. The gnoll hits you but does no damage.
You closely miss the gnoll.
The gnoll is heavily wounded.
The gnoll barely misses you. The gnoll hits you with a +0 club.
You die...

#......# +...+ #. #.######
#...# #. #.# #...# ##. #.#
#...# #.. #.# ##### #...#
##### #.. ..#
##...###...###...## #..
..## ##.....##...##.....##
#.. ...#
#.......#gg.#.......# #..
.#.#
#..(....'@).'.......####..
.#.#
#.......#...#.......#...†.
.#.#
##.....##...##.....######.
.#.# ###...###...###...##
#. .#.#
#.#####.#..######## ##
..>#####.#.# #.#....#.#
.........#.# #.#...[#.#
##.....###.###........#
##.........<#.........#


You could see 2 gnolls.

Vanquished Creatures
  2 gnolls (D:2)
  An adder (D:2)
  2 worms (D:2)
  2 dart slugs (D:1)
  6 bats
  3 endoplasms
  2 giant cockroaches (D:2)
  2 goblins
  4 hobgoblins (D:1)
  3 jackals (D:1)
  2 quokkas
  11 ball pythons
  4 frilled lizards (D:1)
  5 kobolds
  3 rats
52 creatures vanquished.

Notes
Turn   | Place    | Note
-------+----------+-------------------------------------------
     0 | D:1      | IdlyInterested the Demonspawn Gladiator began the quest for
                  | the Orb.
     0 | D:1      | Reached XP level 1. HP: 16/16 MP: 1/1
   179 | D:1      | Found Diell's Armour Emporium.
   198 | D:1      | Reached skill level 3 in Maces & Flails
   225 | D:1      | Gained mutation: You are partially covered in slimy green
                  | scales. (AC +2) [demonic ancestry]
   225 | D:1      | Reached XP level 2. HP: 20/22 MP: 2/2
   322 | D:1      | Reached skill level 1 in Evocations
   541 | D:1      | Found Ymiex's Jewellery Shoppe.
   550 | D:1      | Gained mutation: You have large cloven feet. [demonic
                  | ancestry]
   550 | D:1      | Reached XP level 3. HP: 27/27 MP: 3/3
   553 | D:1      | Found Sietaiwy's Antique Armour Shoppe.
   836 | D:1      | Found Etur's Antique Armour Shoppe.
  1632 | D:2      | Reached skill level 1 in Spellcasting
  2258 | D:2      | Found a faded altar of an unknown god.
  2276 | D:2      | Reached skill level 4 in Maces & Flails
  2459 | D:2      | Gained mutation: You are mostly covered in slimy green
                  | scales. (AC +3) [demonic ancestry]
  2459 | D:2      | Reached XP level 4. HP: 33/33 MP: 5/5
  2585 | D:2      | Reached skill level 1 in Stealth
  2585 | D:2      | HP: 1/33 [gnoll/+0 whip (5)]
  2587 | D:2      | Slain by a gnoll

Illustrated notes

Levels and vault maps discovered:
D:1:      heliophobic_arrival_enchanted_forest, layout_basic, serial_shops,
          nicolae_shop_hallway_plus, nicolae_diamond_shop, shop, shop
D:2:      kennysheep_six_static_rooms, layout_loops_ring,
          dreamdust_ecumenical_altar_grove, grunt_decor_fettered,
          minmay_pentomino_t2

Skill      XL: |  1  2  3  4 |
---------------+-------------+-----
Maces & Flails | 3 4 |  4.2
Evocations     | 1 |  1.0
Spellcasting   | 1 |  1.0
Stealth        | 1 |  1.0
Fighting       | |  2.0
Throwing       | |  1.7
Dodging        | |  2.6

Action                   |  1- 3 |  4- 6 || total
-------------------------+-------+-------++-------
Melee: Flail             |   112 |    10 ||   122
       Kick              |    16 |     5 ||    21
       Punch             |       |     1 ||     1
Armor: Leather armour    |    36 |       ||    36
       Ring mail         |    22 |     8 ||    30
Dodge: Dodged            |    84 |    15 ||    99

Table legend: (Time is in decaauts)
 A = Elapsed time spent in this place.
 B = Non-inter-level travel time spent in this place.
 C = Inter-level travel time spent in this place.
 D = Time resting spent in this place.
 E = Time spent auto-exploring this place.
 F = Levels seen in this place.
 G = Mean time per level.
                   A        B        C        D        E       F      G
               +--------+--------+--------+--------+--------+-----+--------+
         Total |   2615 |   2490 |    125 |    597 |   1439 |   2 | 1307.5 |
       Dungeon |   2615 |   2490 |    125 |    597 |   1439 |   2 | 1307.5 |
               +--------+--------+--------+--------+--------+-----+--------+

Top non-repeatable levels by time:
     D:1: 1579 daAuts
     D:2: 1036 daAuts
